Map: 네온 바이올렛 스퀘어 - 래더

Players

Dark - Winner!

  • Race: Zerg Zerg
  • Spawn Location: 11:00

iGiA (iAsonu)

  • Race: Zerg Zerg
  • League: Diamond
  • Spawn Location: 5:00

Event: WESG 2017 Haikou

VOD

Have the link to the VOD?

Description

Time

  • Played on: March 14, 2018, 10:30 p.m.
  • Length: 5:59

All games in this series

Show
View Real Time Build Order
Export as new Build Order

Dark Zerg - Winner!

Build Orders: 3 Hatch before Pool, Zergling Baneling 

Get SALT Encoding   

  12  0:00  Drone  
  13  0:13  Overlord  
  13  0:17  Drone  
  14  0:32  Drone x2  
  16  0:37  Drone  
  17  0:52  Hatchery  
  17  0:56  Drone  
  17  1:06  Drone  
  18  1:20  Hatchery  
  18  1:21  Extractor  
  18  1:24  Drone  
  17  1:38  Spawning Pool  
  16  1:42  Drone  
  16  1:44  Drone  
  18  1:49  Drone  
  19  2:01  Drone  
  20  2:06  Drone  
  21  2:09  Drone  
  22  2:18  Drone  
  22  2:20  Drone  
  24  2:24  Queen  
  24  2:25  Queen  
  28  2:30  Metabolic Boost  
  28  2:33  Zergling x2  
  28  2:36  Drone  
  30  2:41  Overlord  
  30  2:49  Drone, Baneling Nest  
  30  2:52  Zergling x2  
  30  2:55  Drone  
  30  2:57  Drone  
  33  3:04  Queen  
  35  3:07  Drone  
  35  3:09  Drone  
  35  3:12  Drone  
  38  3:16  Overlord  
  38  3:21  Drone  
  39  3:27  Zergling x6  
  41  3:34  Zergling x2  
  41  3:35  Zergling x6  
  41  3:38  Baneling x2  
  41  3:40  Zergling x2  
  41  3:41  Zergling x4  
  48  3:44  Zergling x2  
  48  3:45  Zergling x2  
  50  3:51  Overlord  
  50  3:56  Overlord  
  50  4:02  Overlord  
  50  4:06  Overlord x2  
  50  4:12  Baneling x2  
  50  4:13  Baneling x2  
  50  4:14  Zergling x6  
  50  4:15  Baneling x2  
  53  4:21  Zergling x4  
  50  4:27  Zergling x4  
  49  4:38  Zergling x16  
  54  4:41  Zergling x4  
  56  4:49  Baneling  
  56  4:50  Baneling x2  
  55  4:55  Zergling x4  
  55  4:56  Zergling x8  
  59  5:04  Zergling x2  
  59  5:07  Zergling x6  
  58  5:15  Zergling x2  
  58  5:17  Zergling x4  
  58  5:18  Zergling x4  
  58  5:20  Zergling x8  
  64  5:27  Drone x3  
  64  5:32  Baneling x2  
  64  5:38  Extractor, Evolution Chamber  
  64  5:41  Drone x3  
Show
View Real Time Build Order
Export as new Build Order

iGiA Zerg 

Build Orders: Hatch First 

Get SALT Encoding   

  12  0:01  Drone  
  13  0:13  Overlord  
  13  0:18  Drone  
  14  0:31  Drone x2  
  14  0:35  Drone  
  17  0:52  Hatchery  
  17  0:56  Drone  
  17  0:59  Drone  
  18  1:10  Extractor  
  17  1:14  Spawning Pool  
  17  1:17  Drone  
  17  1:20  Drone  
  18  1:29  Drone  
  19  1:41  Overlord  
  19  1:50  Drone  
  20  2:00  Queen  
  22  2:02  Drone  
  22  2:05  Queen  
  22  2:06  Drone  
  26  2:12  Metabolic Boost  
  26  2:13  Drone  
  27  2:17  Drone  
  28  2:23  Drone  
  28  2:28  Drone  
  30  2:32  Baneling Nest  
  30  2:34  Drone  
  30  2:37  Drone  
  30  2:40  Queen  
  33  2:46  Drone  
  34  2:58  Hatchery  
  33  3:00  Overlord  
  33  3:04  Zergling x2  
  34  3:06  Zergling x2  
  34  3:12  Zergling x2  
  36  3:19  Overlord  
  36  3:23  Drone x5  
  41  3:30  Zergling x2  
  41  3:33  Drone x2  
  44  3:35  Baneling x2  
  44  3:43  Drone  
  44  3:44  Drone  
  46  3:48  Evolution Chamber  
  46  3:53  Roach Warren, Drone x2, Extractor x2  
  46  3:55  Drone  
  45  4:00  Lair  
  45  4:04  Baneling x2, Zergling x2  
  45  4:09  Zergling x4  
  48  4:10  Zergling x2  
  48  4:11  Zergling x2  
  48  4:12  Baneling  
  48  4:28  Baneling  
  48  4:29  Baneling  
  48  4:31  Baneling  
  45  4:33  Roach  
  45  4:34  Baneling  
  45  4:35  Roach  
  45  4:37  Roach  
  47  4:39  Roach  
  47  4:40  Queen  
  51  4:49  Drone x2  
  52  4:53  Roach  
  52  4:54  Roach  
  53  5:08  Roach  
  53  5:12  Roach  
  55  5:21  Zergling x6  
  54  5:26  Roach  
  54  5:27  Drone  
  52  5:34  Zergling x4  
Tags
 
Add a new tag
Caveats
  • Supply blocks, unpowered buildings, or Contaminate may cause inaccurate times.
  • Supply counts are checked every 10 seconds.